 Dungeon Crawl Stone Soup version 0.27.0-1-g7a089689b8 (webtiles) character file.

Game seed: 1362330922580601571

46 jasper the Magician (level 3, -1/24 HPs)
             Began as a Demonspawn Hedge Wizard on Aug 8, 2021.
             Slain by Sigmund (13 damage)
             ... on level 2 of the Dungeon.
             The game lasted 00:03:32 (2128 turns).

jasper the Magician (Demonspawn Hedge Wizard)       Turns: 2128, Time: 00:03:32

Health: -1/24      AC:  2    Str: 10    XL:     3   Next: 44%
Magic:  5/7        EV: 12    Int: 16    God:
Gold:   53         SH:  0    Dex: 12    Spells: 3/8 levels left

rFire    . . .     SeeInvis .   a - +0 dagger
rCold    . . .     Faith    .   (no shield)
rNeg     . . .     Spirit   .   b - +0 robe
rPois    .         Reflect  .   c - +0 hat
rElec    .         Harm     .   (no cloak)
rCorr    .         Rampage  .   (no gloves)
Will     .....                  (no boots)
Stlth    ++........             (no amulet)
HPRegen  0.08/turn              (no ring)
MPRegen  0.10/turn              (no ring)

@: no status effects
A: claws 1, condensation shield
a: no special abilities


You were on level 2 of the Dungeon.
You visited 1 branch of the dungeon, and saw 2 of its levels.

You collected 53 gold pieces.

Inventory:

Hand Weapons
 a - a +0 dagger (weapon)
Missiles
 d - 51 stones
 h - 52 arrows
 l - 6 atropa-tipped darts
Armour
 b - a +0 robe (worn)
 c - a +0 hat (worn)
 o - a +0 cloak
Scrolls
 f - 2 scrolls of noise {unknown}
 i - a scroll of vulnerability {unknown}
 k - a scroll of fog {unknown}
 m - 2 scrolls of magic mapping {unknown}
 n - a scroll of identify {unknown}


   Skills:
 - Level 1.7 Dodging
 - Level 1.7 Stealth
 - Level 3.0 Spellcasting
 - Level 3.0 Conjurations
 + Level 1.9 Summonings
 - Level 0.8 Translocations


You had 3 spell levels left.
You knew the following spells:

 Your Spells              Type           Power      Damage    Failure   Level
a - Magic Dart            Conj           48%        1d5       5%          1
b - Call Imp              Summ           8%         N/A       13%         2
c - Blink                 Tloc           N/A        N/A       21%         2

Your spell library contained the following spells:

 Spells                   Type           Power      Damage    Failure   Level
 Slow                     Hex            2%         N/A       28%         2
 Conjure Flame            Conj/Fire      7%         6-21      30%         3
 Mephitic Cloud           Conj/Pois/Air  5%         N/A       36%         3


Dungeon Overview and Level Annotations

Branches:
Dungeon (2/15)

Altars:

Shops:
D:2 :

Annotations:
D:2 Jessica, Sigmund


Innate Abilities, Weirdness & Mutations

You have sharp fingernails.
A meltable shield of frost defends you. (SH +0)


Message History

The adder seems to slow down.
The adder barely misses your white imp.
Your white imp gestures at the adder.
The puff of frost hits the adder!
The adder dies!
Your magical contamination has completely faded away.
Your white imp disappears in a puff of smoke!
Magic restored.
You see here an adder corpse.
An endoplasm comes into view.
The magic dart hits the endoplasm.
The endoplasm is severely wounded.
The endoplasm quivers.
The magic dart hits the endoplasm.
The endoplasm is almost dead.
The magic dart hits the endoplasm.
You kill the endoplasm!
d - 51 stones (gained 11)
Found a stone staircase leading up.
Sigmund the Dreaded comes into view.
He is wielding a +0 scythe of protection and wearing a +2 robe of resistance.
Sigmund drinks a potion.
Sigmund flickers and vanishes!
Deactivating autopickup; reactivate with Ctrl-A.
Found Mucab's Book Shoppe.
You are confused.
You bump into the rock wall.
You aren't carrying any potions.
You bump into the rock wall.
You bump into the rock wall.
Something hits you.
You bump into the rock wall.
You feel less confused.
You hear some strange, mumbled words.
A puff of flame appears from out of thin air!
The puff of flame hits you!
Your condensation shield dissipates!
Casting: Magic Dart (safe; 5% risk of failure)
Confirm with . or Enter, or press ? or * to list all spells.
A metallic apparition takes form in the air.
Something hits you!
Ouch! That really hurt!
You die...

#.......# ..
#..# #..####..#
#........####.#
##.............
######.#######
#.# #.#
#####@#####
#....5....#
#.###.#.#.#
########.###..##
#......†......#
#.######.#......
#.# #.##...##
#.# #.###..# #.#
#.# #.#.#


You could see a friendly iron imp (summoned).

Vanquished Creatures
  A dart slug (D:1)
  2 endoplasms
  2 giant cockroaches (D:1)
  2 hobgoblins (D:1)
  A quokka (D:1)
  6 ball pythons (D:1)
  A bat (D:1)
  A frilled lizard (D:1)
  5 goblins
  4 kobolds (D:1)
  4 rats (D:1)
29 creatures vanquished.

Vanquished Creatures (collateral kills)
  2 adders (D:2)
  A worm (D:2)
  A dart slug (D:2)
  A goblin (D:2)
  A ball python (D:2)
  2 kobolds (D:2)
8 creatures vanquished.

Vanquished Creatures (others)
  A worm (D:2)
  A kobold (D:2)
  2 fungi (D:2)
4 creatures vanquished.

Grand Total: 41 creatures vanquished

Notes
Turn   | Place    | Note
-------+----------+-------------------------------------------
     0 | D:1      | jasper the Demonspawn Hedge Wizard began the quest for the
                  | Orb.
     0 | D:1      | Reached XP level 1. HP: 13/13 MP: 4/4
   437 | D:1      | Gained mutation: A meltable shield of frost defends you.
                  | (SH +0) [demonic ancestry]
   437 | D:1      | Reached XP level 2. HP: 19/19 MP: 0/6
  1316 | D:1      | Learned a level 2 spell: Call Imp
  1319 | D:1      | Learned a level 2 spell: Blink
  1428 | D:2      | Gained mutation: You have sharp fingernails. [demonic
                  | ancestry]
  1428 | D:2      | Reached XP level 3. HP: 24/24 MP: 1/7
  1591 | D:2      | Found a faded altar of an unknown god.
  1736 | D:2      | Noticed Jessica
  2114 | D:2      | Found Mucab's Book Shoppe.
  2114 | D:2      | Noticed Sigmund
  2128 | D:2      | Slain by Sigmund

Illustrated notes

Levels and vault maps discovered:
D:1:      dpeg_arrival_rooms_with_view, layout_basic
D:2:      layout_loops_corners, serial_shops, shop,
          hellmonk_ecumenical_altar_pennies_from_heaven, lemuel_flame_loot_1,
          uniq_crazy_yiuf_cottage, uniq_robin, uniq_sigmund, uniq_jessica

Skill      XL: |  1  2 |
---------------+-------+-----
Conjurations   | 2 3 |  3.0
Dodging        | |  1.7
Stealth        | |  1.7
Spellcasting   | |  3.0
Summonings     | |  1.9
Translocations | |  0.8

Action                   || total
-------------------------++-------
Melee: Dagger            ||    16
 Cast: Magic Dart        ||    54
       Call Imp          ||    10
  Use: Potion            ||     3
       Scroll            ||     1
Armor: Robe              ||     5
Dodge: Dodged            ||    10
Block: Other             ||     3
